 Dungeon Crawl Stone Soup version 0.31-a0-986-g5e6e4ef867 (webtiles) character file.

Game seed: 6261475279682862892

1096 Jeffwins the Ruffian (level 8, -2/54 HPs)
             Began as a Pale Draconian Shapeshifter on Nov 24, 2023.
             Slain by a killer bee (4 damage)
             ... on level 4 of the Dungeon.
             The game lasted 00:06:35 (2445 turns).

Jeffwins the Ruffian (Pale Draconian Shapeshifter)  Turns: 2445, Time: 00:06:36

Health: -2/54      AC: 10    Str: 16    XL:     8   Next: 10%
Magic:  8/8        EV: 12    Int: 14    God:
Gold:   154        SH:  0    Dex: 10    Spells: 7/7 levels left

rFire   + +          .
                       - Unarmed
rCold   + + .        (shield currently unavailable)
rNeg    . . .        (body armour unavailable)
rPois   +            (helmet restricted)
rElec   +            a - +2 cloak
rCorr   +            (no gloves)
SInv    .            s - +0 pair of boots
Will    .....        (no amulet)
Stlth   +            j - ring of the Garden {rF+ rC+}
HPRegen 0.29/turn    (no ring)
MPRegen 0.11/turn

%: no passive effects
@: lethally poisoned (-2 -> -9), flux-form, resistant, glowing
A: glow, contaminating, reduced hp, breathe steam, AC +6, unfitting armour,
cold-blooded, steam resistance
a: Breathe Steam, Begin Untransformation


You were on level 4 of the Dungeon.
You were something dangerously unstable.
You visited 1 branch of the dungeon, and saw 5 of its levels.

You collected 154 gold pieces.


Innate Abilities, Weirdness & Mutations

You are something dangerously unstable.
You glow with magical radiation, making you easy to see and hit.
Foes you strike become dangerously contaminated with magical radiation.
Your maximum health is decreased, since you lack skill for your form.
You are incapable of wielding weapons or throwing items.
You can breathe blasts of scalding, opaque steam.
Your pale cyan-grey scales are hard. (AC +6)
You cannot fit into any form of body armour.
You are cold-blooded and may be slowed by cold attacks.
You are immune to the effects of steam.


   Skills:
 - Level 1.1 Fighting
 + Level 3.5 Throwing
 - Level 1.7 Dodging
 * Level 6.7 Unarmed Combat
 * Level 6.3 Shapeshifting


You had 7 spell levels left.
You didn't know any spells.
Your spell library contained the following spells:

 Spells                   Type           Power      Damage    Failure   Level
 Freeze                   Ice            0%         1d3       28%         1
 Necrotise                Necr           0%         1d4       28%         1
 Scorch                   Fire           0%         2d5       41%         2
 Vampiric Draining        Necr           0%         2d6       65%         3
 Flame Wave               Conj/Fire      0%         2d4       96%         4
 Agony                    Necr           0%         N/A       100%        5
 Summon Cactus Giant      Summ           0%         N/A       100%        6

Inventory:

Hand Weapons
 k - a +0 hand axe of venom
 m - a +6 club
Missiles
 d - 4 curare-tipped darts {=f}
Armour
 a - a +2 cloak (worn)
 s - a +0 pair of boots (worn)
Jewellery
 j - the ring of the Garden (left hand) {rF+ rC+}
   (You found it on level 2 of the Dungeon)

   [ring of protection from fire]

   rF+:       It protects you from fire.
   rC+:       It protects you from cold.
 I - a +6 ring of intelligence
 Z - a ring of wizardry
Talismans
 b - a beast talisman
 c - a flux talisman (active)
Scrolls
 e - 2 scrolls of identify {unknown}
 g - a scroll of fear {unknown}
 h - 2 scrolls of teleportation {unknown}
 i - 2 scrolls of revelation {unknown}
 n - 2 scrolls of amnesia {unknown}
 o - a scroll of poison {unknown}
 p - a scroll of enchant weapon {unknown}
 u - a scroll of enchant armour {unknown}
Potions
 f - 2 potions of brilliance
 l - a potion of attraction {unknown}
 q - a potion of might {unknown}
 r - a potion of resistance
 t - a potion of mutation {unknown}

Dungeon Overview and Level Annotations

Branches:
Dungeon (5/15)
 Temple: D:4-7

Altars:
Ashenzari
Nemelex Xobeh
Ru
Xom

Annotations:
D:5 Menkaure

.############ ######
...>...†>...########
#####....#
###########....†...#
#.....#... #########
########.# #.####...)
........# #.# #.# #..).
........# #.# #.# #..))
........# ###.# #.# #.).#
###.#..## #yy.#####.##
##.## #..#.##
##p##.......# #.## ##.#..#
#yy#..####.## ##.#
#..#.#######..........#
#.##
#####............#########
##.# #.......######...#
▒▒)▒ ..####..# #.....##
▒... ..## #..###.###.#
▒... ...###......# #.#
▒..) .....#....### #.#
▒▒▒▒


You could see 4 killer bees.


Message History

The killer bee convulses!
The killer bee barely misses you.
You feel sick.
The killer bee attacks as it pursues you!
The killer bee closely misses you. The killer bee stings you.
* * * LOW HITPOINT WARNING * * *
The killer bee completely misses you. The killer bee stings you.
* * * LOW HITPOINT WARNING * * *
There is a stone staircase leading up here.
You feel sick.
The killer bee stops glowing.
The killer bee stings you.
* * * LOW HITPOINT WARNING * * *
The killer bee misses you. The killer bee closely misses you.
The killer bee barely misses you. The killer bee stings you.
* * * LOW HITPOINT WARNING * * *
You are lethally poisoned!
The killer bee poisons you! The killer bee barely misses you.
The killer bee stings you.
* * * LOW HITPOINT WARNING * * *
Menkaure breathes soot at you.
You climb upwards.
* * * LOW HITPOINT WARNING * * *
You feel very sick.
There is a stone staircase leading down here.
Unknown command.
Unknown command.
Unknown command.
It was a potion of resistance.
You feel protected.
* * * LOW HITPOINT WARNING * * *
You feel sick. The killer bee stings you.
You die...

Skill      XL: |  1  2  3  4  5  6 |
---------------+-------------------+-----
Throwing       | 1 2 3 |  3.5
Unarmed Combat | 4 6 |  6.7
Shapeshifting  | 4 6 |  6.3
Fighting       | |  1.1
Dodging        | |  1.7

Action                     |  1- 3 |  4- 6 |  7- 9 || total
---------------------------+-------+-------+-------++-------
  Melee: Unarmed           |    82 |   106 |    21 ||   209
         Tailslap          |     3 |     9 |     3 ||    15
         Punch             |       |     1 |       ||     1
Ability: Breathe Steam     |       |       |     1 ||     1
    Use: Potion            |       |     3 |     1 ||     4
   Stab: Sleeping          |     1 |       |       ||     1
 Armour: Skin              |    42 |    60 |    16 ||   118
  Dodge: Dodged            |    43 |    44 |    18 ||   105
   Form: Flux              |       |     1 |       ||     1

Levels and vault maps discovered:
D:1:      minmay_arrival_stone_box, layout_loops_ring,
          shapermc_ecumenical_altar_rom_forum, minmay_hexomino_r4
D:2:      layout_loops_cross, grunt_ministairs_8, minmay_misc_feat_tower,
          uniq_sigmund
D:3:      layout_rooms, nicolae_overflow_crystal_walls,
          mainiacjoe_overflow_two_lobes, uniq_natasha, uniq_jessica
D:4:      layout_rooms, uniq_crazy_yiuf_cottage, uniq_eustachio, uniq_pikel
D:5:      layout_basic, lemuel_round_altar, serial_shops, shop_fountains,
          uniq_menkaure, uniq_ijyb

Notes
Turn   | Place    | Note
-------+----------+-------------------------------------------
     0 | D:1      | Jeffwins the Draconian Shapeshifter began the quest for the
                  | Orb.
     0 | D:1      | Reached XP level 1. HP: 16/16 MP: 1/1
     1 | D:1      | Found a broken altar of Ashenzari.
   153 | D:1      | Reached XP level 2. HP: 23/23 MP: 2/2
   346 | D:1      | Found a faded altar of an unknown god.
   354 | D:1      | Got Plato's Catalogue of the Blizzard
   834 | D:2      | Identified the ring of the Garden {rF+ rC+}
   893 | D:2      | Reached XP level 3. HP: 18/28 MP: 3/3
   954 | D:2      | You fall into a shaft and drop 1 floor!
   969 | D:3      | Noticed Jessica
   975 | D:3      | Killed Jessica
   976 | D:3      | Reached skill level 1 in Throwing
  1105 | D:3      | Found a shimmering altar of Xom.
  1120 | D:3      | Reached skill level 4 in Unarmed Combat
  1120 | D:3      | Reached XP level 4. HP: 35/35 MP: 4/4
  1139 | D:3      | Noticed Natasha
  1149 | D:3      | Killed Natasha
  1150 | D:3      | Reached skill level 4 in Shapeshifting
  1336 | D:3      | Noticed Natasha
  1354 | D:3      | Killed Natasha
  1355 | D:3      | Reached XP level 5. HP: 18/40 MP: 5/5
  1507 | D:3      | Found a sparkling altar of Nemelex Xobeh.
  1519 | D:3      | Noticed Natasha
  1532 | D:3      | Killed Natasha
  1601 | D:3      | Found a sacrificial altar of Ru.
  1882 | D:4      | Noticed a water moccasin
  1889 | D:4      | Killed a water moccasin
  1890 | D:4      | Reached skill level 2 in Throwing
  1890 | D:4      | Reached XP level 6. HP: 29/47 MP: 6/6
  2041 | D:4      | Noticed a sky beast
  2055 | D:4      | Killed a sky beast
  2056 | D:4      | Reached skill level 5 in Unarmed Combat
  2085 | D:4      | Reached skill level 5 in Shapeshifting
  2141 | D:4      | Found a runed translucent door.
  2141 | D:4      | Noticed Crazy Yiuf
  2142 | D:4      | Noticed Pikel
  2160 | D:4      | Killed Pikel
  2161 | D:4      | Reached skill level 3 in Throwing
  2161 | D:4      | Reached skill level 6 in Unarmed Combat
  2161 | D:4      | Reached skill level 6 in Shapeshifting
  2161 | D:4      | Your scales start taking on a pale cyan-grey colour.
  2161 | D:4      | Reached XP level 7. HP: 52/52 MP: 7/7
  2161 | D:4      | Gained mutation: You are immune to the effects of steam.
                  | [Pale Draconian growth]
  2163 | D:4      | Killed Crazy Yiuf
  2235 | D:4      | Noticed Eustachio
  2252 | D:4      | Killed Eustachio
  2253 | D:4      | Reached XP level 8. HP: 40/59 MP: 8/8
  2435 | D:5      | Entered Level 5 of the Dungeon
  2435 | D:5      | Noticed Menkaure
  2444 | D:4      | HP: 3/54 [poisoned by a killer bee]
  2445 | D:4      | Identified 2 potions of resistance
  2445 | D:4      | Slain by a killer bee

Vanquished Creatures
  Pikel (D:4)
  Eustachio (D:4)
  A water moccasin (D:4)
  A sky beast (D:4)
  A scorpion (D:4)
  A hound (D:3)
  Crazy Yiuf (D:4)
  Jessica (D:3)
  Natasha (thrice) (D:3)
  An iguana (D:4)
  3 adders
  A dart slug (D:4)
  An orc (D:3)
  6 ball pythons
  6 endoplasms
  A giant cockroach (D:1)
  9 goblins
  3 hobgoblins
  4 quokkas
  2 bats (D:2)
  3 frilled lizards
  5 kobolds
  3 rats
59 creatures vanquished.

Table legend: (Time is in decaauts)
 A = Elapsed time spent in this place.
 B = Non-inter-level travel time spent in this place.
 C = Inter-level travel time spent in this place.
 D = Time resting spent in this place.
 E = Time spent auto-exploring this place.
 F = Levels seen in this place.
 G = Mean time per level.
                   A        B        C        D        E       F      G
               +--------+--------+--------+--------+--------+-----+--------+
         Total |   2434 |   2344 |     90 |    162 |   1673 |   5 |  486.8 |
       Dungeon |   2434 |   2344 |     90 |    162 |   1673 |   5 |  486.8 |
               +--------+--------+--------+--------+--------+-----+--------+

Top non-repeatable levels by time:
     D:3: 826 daAuts
     D:1: 655 daAuts
     D:4: 645 daAuts
     D:2: 298 daAuts
     D:5: 8 daAuts

Table legend:
 A = Non-vault XP
 B = Vault XP
 C = Vault XP percentage of total XP
 D = Non-vault monster count
 E = Vault monster count
 F = Vault count percentage of total count
                 A         B        C        D         E       F
            +---------+---------+-------+---------+---------+-------
      Total |     611 |     955 |  61.0 |      51 |       8 |  13.6
            +---------+---------+-------+---------+---------+-------
        D:1 |      18 |       5 |  21.7 |      12 |       3 |  20.0
        D:2 |      29 |       0 |   0.0 |      11 |       0 |   0.0
        D:3 |     141 |      73 |  34.1 |      13 |       2 |  13.3
        D:4 |     423 |     877 |  67.5 |      15 |       3 |  16.7
            +---------+---------+-------+---------+---------+-------
